 Dungeon Crawl Stone Soup version 0.27.1 (webtiles) character file.

Game seed: 4151767002755487756

61 ZARRMARR the Changer (level 4, -4/28 HPs)
             Began as an Octopode Transmuter on Aug 29, 2021.
             Splashed by a jelly's acid (7 damage)
             ... on level 2 of the Dungeon.
             The game lasted 00:07:38 (2370 turns).

ZARRMARR the Changer (Octopode Transmuter)          Turns: 2370, Time: 00:07:40

Health: -4/28      AC: -11   Str:  9    XL:     4   Next: 7%
Magic:  7/7        EV: 13    Int: 16    God:
Gold:   35         SH:  0    Dex: 12    Spells: 6/7 levels left

rFire    x . .     SeeInvis .     - Unarmed
rCold    + . .     Faith    .   (no shield)
rNeg     . . .     Spirit   .   (helmet currently unavailable)
rPois    .         Reflect  .   (no amulet)
rElec    .         Harm     .   d - ring of ice
rCorr    .         Rampage  .   (no ring)
Will     .....                  (no ring)
Stlth    ++........             (no ring)
HPRegen  0.09/turn              (no ring)
MPRegen  0.10/turn              (no ring)
                                (no ring)
                                (no ring)

@: confused, appendages (expiring), ambrosia-drunk, corroded
A: tentacle spike 3, almost no armour, amphibious, 8 rings, camouflage 1,
gelatinous body 1, (nimble swimmer 1), tentacles
a: End Transformation


You were on level 2 of the Dungeon.
One of your tentacles had grown a beastly spike.
You visited 1 branch of the dungeon, and saw 2 of its levels.

You collected 35 gold pieces.

Inventory:

Jewellery
 d - a ring of ice (left tentacle)
Scrolls
 a - a scroll of identify {unknown}
 f - a scroll of enchant armour {unknown}
Potions
 b - a potion of magic
 c - a potion of ambrosia
 e - a potion of curing {unknown}


   Skills:
 - Level 1.0 Fighting
 - Level 2.0 Dodging
 - Level 3.0 Unarmed Combat
 - Level 2.0 Spellcasting
 + Level 4.2 Transmutations


You had 6 spell levels left.
You knew the following spells:

 Your Spells              Type           Power      Damage    Failure   Level
a - Beastly Appendage     Tmut           30%        N/A       3%          1

Your spell library contained the following spells:

 Spells                   Type           Power      Damage    Failure   Level
 Wereblood                Tmut           15%        N/A       5%          2
 Spider Form              Tmut/Pois      4%         N/A       26%         3
 Ice Form                 Ice/Tmut       12%        N/A       65%         4


Dungeon Overview and Level Annotations

Branches:
Dungeon (2/15)

Altars:


Innate Abilities, Weirdness & Mutations

One of your tentacles has grown a beastly spike.
You cannot wear most types of armour.
You are amphibious.
You can wear up to eight rings at the same time.
Your skin changes colour to match your surroundings (Stealth+).
Your rubbery body absorbs attacks. (AC +1, EV +1)
((You are camouflaged near water. (Stealth+)))
You have tentacles for arms and can constrict up to eight enemies at once.


Message History

The kobold closely misses you.
You closely miss the kobold. You grab the kobold. You squeeze the kobold.
You kill the kobold!
You see here a +0 club.
You open the door.
An endoplasm and 2 jellies come into view.
Found a hobgoblin skeleton and a bat skeleton.
Casting: Beastly Appendage (safe; 3% risk of failure)
Confirm with . or Enter, or press ? or * to list all spells.
You extend your transformation's duration.
The jelly quivers.
You tentacle-slap the jelly.
Your tentacles burn!
You pierce the jelly.
The jelly is heavily wounded.
The jelly barely misses you.
You tentacle-slap the jelly.
Your tentacles burn!
The jelly is heavily wounded.
The jelly completely misses you.
You tentacle-slap the jelly. The acid corrodes you!
Your tentacles burn!
The jelly is heavily wounded.
The jelly hits you. The acid corrodes you!
You are splashed with acid!
* * * LOW HITPOINT WARNING * * *
It was a potion of ambrosia.
You are confused.
You feel invigorated. The jelly hits you. The acid corrodes you!
You are splashed with acid!
* * * LOW HITPOINT WARNING * * *
You bump into the rock wall.
The endoplasm quivers.
The jelly barely misses you.
You're too confused to move!
The jelly closely misses you.
You bump into the rock wall.
The jelly hits you.
You are splashed with acid.
* * * LOW HITPOINT WARNING * * *
You tentacle-slap the jelly.
Your tentacles burn!
* * * LOW HITPOINT WARNING * * *
Your tentacle spike misses the jelly.
The jelly is severely wounded.
The jelly hits you.
* * * LOW HITPOINT WARNING * * *
You are splashed with acid!
You die...

.............###.....##
..#.....#######.......#
)†#.........# #.......#
..#.........# #.......#
.##.####....# #.......#
....# #....# #....####
.##### #....#
#....'..##
.....###....#
########.#
............# #@..)..##
............# #J#######
............##÷J
.....#########.P
.....#...# #..
.....#...### #.P
...........# #..
...........# #÷.
.........).#


You could see 2 jellies.

Vanquished Creatures
  2 worms (D:2)
  2 dart slugs
  3 endoplasms
  A giant cockroach (D:1)
  5 goblins
  3 hobgoblins
  3 quokkas
  5 ball pythons
  7 bats
  6 frilled lizards
  10 kobolds
  5 rats (D:1)
52 creatures vanquished.

Vanquished Creatures (others)
  9 toadstools (D:2)
9 creatures vanquished.

Grand Total: 61 creatures vanquished

Notes
Turn   | Place    | Note
-------+----------+-------------------------------------------
     0 | D:1      | ZARRMARR the Octopode Transmuter began the quest for the
                  | Orb.
     0 | D:1      | Reached XP level 1. HP: 13/13 MP: 3/3
   108 | D:1      | Reached XP level 2. HP: 18/18 MP: 3/5
   384 | D:1      | Reached skill level 3 in Transmutations
  1004 | D:1      | Reached XP level 3. HP: 23/23 MP: 4/6
  1702 | D:2      | Reached skill level 4 in Transmutations
  1958 | D:2      | Reached XP level 4. HP: 9/28 MP: 7/7
  2366 | D:2      | HP: 1/28 [acid (8)]
  2370 | D:2      | Splashed by a jelly's acid

Illustrated notes

Levels and vault maps discovered:
D:1:      ebering_hopf_link, layout_basic
D:2:      cheibrodos_fertilizer, layout_basic, minmay_surrounded

Skill      XL: |  1  2  3 |
---------------+----------+-----
Transmutations | 3 4 |  4.2
Fighting       | |  1.0
Dodging        | |  2.0
Unarmed Combat | |  3.0
Spellcasting   | |  2.0

Action                   |  1- 3 |  4- 6 || total
-------------------------+-------+-------++-------
Melee: Unarmed           |   100 |     8 ||   108
       Constrict         |    36 |     2 ||    38
       Kick              |    24 |     1 ||    25
       Tentacles         |    12 |     2 ||    14
 Cast: Beastly Appendage |    33 |     2 ||    35
  Use: Scroll            |     2 |       ||     2
       Potion            |       |     2 ||     2
 Stab: Sleeping          |     6 |       ||     6
Armor: Skin              |     8 |       ||     8
Dodge: Dodged            |    53 |     7 ||    60
